 Dungeon Crawl Stone Soup version 0.32-a0-42-ga30500b4d3 (webtiles) character file.

Game seed: 1075439748992185360

51 Dittersdorf the Shield-Bearer (level 3, -6/24 HPs)
             Began as a Gargoyle Fighter on Jan 29, 2024.
             Mangled by a gnoll
             ... wielding a +0 flail
              (10 damage)
             ... on level 2 of the Dungeon.
             The game lasted 00:01:46 (1681 turns).

Dittersdorf the Shield-Bearer (Gargoyle Fighter)    Turns: 1681, Time: 00:01:47

Health: -6/24      AC: 11    Str: 21    XL:     3   Next: 81%
Magic:  3/3        EV:  9    Int:  8    God:
Gold:   72         SH:  9    Dex:  9    Spells: 2/2 levels left

rFire   . . .        a - +0 flail
rCold   + . .        c - +0 buckler
rNeg    + . .        b - +0 scale mail
rPois   ∞            (no helmet)
rElec   +            (no cloak)
rCorr   .            k - +0 pair of gloves
SInv    .            (no boots)
Will    +....        j - amulet of reflection Stlth
                     g - ring of protection from cold
HPRegen 0.24/turn    m - ring of willpower
MPRegen 0.08/turn

%: reflection
@: no status effects
A: sickness immunity, AC +3, negative energy resistance 1, electricity
resistance, torment resistance 1, petrification resistance
a: no special abilities


You were on level 2 of the Dungeon.
You visited 1 branch of the dungeon, and saw 3 of its levels.

You collected 72 gold pieces.

Inventory:

Hand Weapons
 a - a +0 flail (weapon)
Armour
 b - a +0 scale mail (worn)
 c - a +0 buckler (worn)
 k - a +0 pair of gloves (worn)
 q - a +0 plate armour
Jewellery
 g - a ring of protection from cold (left hand)
 j - an amulet of reflection (around neck)
 m - a ring of willpower (right hand)
Scrolls
 e - a scroll of revelation {unknown}
 f - a scroll of identify {unknown}
 h - a scroll of silence {unknown}
 l - a scroll of noise {unknown}
 n - a scroll of amnesia {unknown}
Potions
 d - a potion of might
 i - a potion of curing {unknown}
 o - a potion of enlightenment {unknown}
 p - 2 potions of invisibility {unknown}
 r - a potion of ambrosia {unknown}


   Skills:
 + Level 3.8 Fighting
 + Level 2.5 Maces & Flails
 + Level 3.8 Armour
 + Level 3.8 Shields


You had 2 spell levels left.
You didn't know any spells.
Your spell library was empty.

Dungeon Overview and Level Annotations

Branches:
Dungeon (3/15)

Altars:

Shops:
D:1 [   D:2 (


Innate Abilities, Weirdness & Mutations

You are immune to sickness and miasma.
Your stone body is resilient. (AC +3)
You are immune to poison.
You resist negative energy. (rN+)
You are resistant to electric shocks. (rElec)
You are resistant to unholy torment.
You are immune to petrification.


Message History

You hit the gnoll.
The gnoll is lightly wounded.
The gnoll hits you with a +0 flail. You block the gnoll's attack.
You barely miss the gnoll. The gnoll hits you but does no damage.
You block the gnoll's attack.
The gnoll hits you from afar with a +0 spear.
The gnoll hits you with a +0 flail.
You are too injured to fight recklessly!
You are too injured to fight recklessly!
You are too injured to fight recklessly!
You are too injured to fight recklessly!
You are too injured to fight recklessly!
You are too injured to fight recklessly!
You are too injured to fight recklessly!
You are too injured to fight recklessly!
You are too injured to fight recklessly!
You are too injured to fight recklessly!
You are too injured to fight recklessly!
You are too injured to fight recklessly!
You are too injured to fight recklessly!
You are too injured to fight recklessly!
You are too injured to fight recklessly!
You are too injured to fight recklessly!
You are too injured to fight recklessly!
You are too injured to fight recklessly!
You are too injured to fight recklessly!
The gnoll attacks as it pursues you! The gnoll hits you but does no damage.
The gnoll attacks as it pursues you! You block the gnoll's attack.
There is a stone staircase leading up here.
You block the gnoll's attack. The gnoll hits you but does no damage.
You climb upwards.
There is a stone staircase leading down here.
You barely miss the gnoll. You block the gnoll's attack.
You barely miss the gnoll. The gnoll hits you with a +0 flail!
* * * LOW HITPOINT WARNING * * *
The gnoll closely misses you.
You sock the gnoll!
The gnoll is severely wounded.
The gnoll hits you with a +0 flail!
You die...

........####...#.#
#.#
.........####..#.#
#.#
.............[.#.#
#.#
..........####.#.#
#.#
...%...........#.#
######.#
.................#
#....#.#
####.............#
###.##.#.#
#............g#
#........#
#............@#
#.##.#..##
#............##
#.##.##.#
#............#
#.##....#
#............#
#.#####.#
#............#
#.#####.#
#............#
#.......#
#............#
########.#
#............#
#........#
#............#
#.###....#


You could see a gnoll.

Vanquished Creatures
  An adder (D:2)
  A ribbon worm (D:2)
  4 endoplasms
  A giant cockroach (D:2)
  3 hobgoblins (D:1)
  8 jackals
  4 ball pythons
  7 bats
  2 frilled lizards (D:1)
  2 goblins (D:1)
  2 kobolds
  2 rats
37 creatures vanquished.

Notes
Turn   | Place    | Note
-------+----------+-------------------------------------------
     0 | D:1      | Dittersdorf the Gargoyle Fighter began the quest for the
                  | Orb.
     0 | D:1      | Reached XP level 1. HP: 14/14 MP: 1/1
   113 | D:1      | Reached XP level 2. HP: 16/19 MP: 2/2
   407 | D:1      | Found Ucreal's Antique Armour Emporium.
   998 | D:2      | Reached XP level 3. HP: 23/23 MP: 3/3
  1004 | D:2      | Found Xifidd's Antique Weapon Shoppe.
  1681 | D:2      | Mangled by a gnoll

Illustrated notes

Levels and vault maps discovered:
D:1:      dpeg_arrival_stone_temple_mockup, layout_basic, serial_rivers,
          chequers_serial_rivers_small_3, chequers_serial_rivers_room_a,
          chequers_serial_rivers_micro_d, chequers_serial_rivers_small_3,
          serial_shops, nicolae_shop_dealshenge, chequers_serial_rivers_large_b,
          skrybe_limestone_x, minmay_tetromino_s2
D:2:      layout_basic, serial_shops, shop
D:3:      gammafunk_wand_slinger, layout_basic, saegor_snake_ambush

Action                     || total
---------------------------++-------
  Melee: Flail             ||   152
   Stab: Held in net/web   ||     2
 Armour: Scale mail        ||   150
  Dodge: Dodged            ||    98
  Block: Buckler           ||    89
         Reflection        ||     1

Table legend: (Time is in decaauts)
 A = Elapsed time spent in this place.
 B = Non-inter-level travel time spent in this place.
 C = Inter-level travel time spent in this place.
 D = Time resting spent in this place.
 E = Time spent auto-exploring this place.
 F = Levels seen in this place.
 G = Mean time per level.
                   A        B        C        D        E       F      G
               +--------+--------+--------+--------+--------+-----+--------+
         Total |   1760 |   1690 |     70 |      0 |   1326 |   3 |  586.7 |
       Dungeon |   1760 |   1690 |     70 |      0 |   1326 |   3 |  586.7 |
               +--------+--------+--------+--------+--------+-----+--------+

Top non-repeatable levels by time:
     D:1: 949 daAuts
     D:2: 789 daAuts
     D:3: 21 daAuts
